 Dungeon Crawl Stone Soup version 0.30.1-11-g7821555f0a (webtiles) character file.

Game seed: 4122270613473725128

12573 Dordric the Earth Mage (level 11, -8/54 HPs)
             Began as a Gargoyle Earth Elementalist on Oct 30, 2023.
             Was a Follower of Sif Muna.
             Killed from afar by a rime drake (21 damage)
             ... with an icy flash freeze
             ... on level 1 of the Lair of Beasts.
             The game lasted 00:23:21 (11650 turns).

Dordric the Earth Mage (GrEE)                      Turns: 11650, Time: 00:23:22

Health: -8/54      AC: 18    Str: 12    XL:     11   Next: 95%
Magic:  14/33      EV: 15    Int: 22    God:    Sif Muna [*.....]
Gold:   744        SH:  4    Dex: 10    Spells: 20/28 levels left

rFire   + + +        h - staff of earth
rCold   . . .        L - +1 buckler "Efeurus" {rF+++ Int+2 Slay-2 SInv}
rNeg    + . .        p - +0 acid dragon scales
rPois   ∞            (no helmet)
rElec   +            U - +2 cloak {rCorr}
rCorr   +            e - +0 pair of gloves
SInv    +            (no boots)
Will    .....        (no amulet)
Stlth   +            g - +5 ring of evasion
HPRegen 0.29/turn    r - ring of magical power
MPRegen 0.23/turn

%: no passive effects
@: no status effects
A: sickness immunity, AC +8, negative energy resistance 1, electricity
resistance, torment resistance 1, petrification resistance
a: Renounce Religion, Channel Magic


You were on level 1 of the Lair of Beasts.
You worshipped Sif Muna.
Sif Muna was aware of your devotion.
You visited 2 branches of the dungeon, and saw 13 of its levels.

You collected 849 gold pieces.
You spent 105 gold pieces at shops.

Inventory:

Armour
 a - a +0 robe
 e - a +0 pair of gloves (worn)
 p - +0 acid dragon scales (worn)
 I - a +1 cloak of stealth
 L - the +1 buckler "Efeurus" (worn) {rF+++ Int+2 Slay-2 SInv}
   (You acquired it on level 9 of the Dungeon)

   Int:       It affects your intelligence (+2).
   Slay:      It affects your accuracy & damage with ranged weapons and melee
   (-2).
   rF:        It renders you almost immune to fire.
   SInv:      It lets you see invisible.
 U - a +2 cloak of preservation (worn)
Magical Staves
 c - a staff of air
 f - a staff of fire
 h - a staff of earth (weapon)
Jewellery
 g - a +5 ring of evasion (left hand)
 i - a ring of willpower
 k - a +4 ring of protection
 l - a ring of positive energy
 r - a ring of magical power (right hand)
 s - a ring of ice
 D - a +4 ring of protection
 G - a ring of resist corrosion
 V - the ring "Tilum" {Drain Fly rC+ Str+5}
   (You bought it in a shop on level 11 of the Dungeon)

   [ring of flight]

   Str:       It affects your strength (+5).
   rC:        It protects you from cold.
   Fly:       It grants you flight.
   Drain:     It drains your maximum health when unequipped.
Wands
 n - a wand of flame (37)
 A - a wand of mindburst (11)
 E - a wand of polymorph (11)
 H - a wand of charming (3)
 J - a wand of iceblast (8)
 X - a wand of digging (4)
Scrolls
 j - 3 scrolls of enchant weapon
 m - 7 scrolls of teleportation
 o - a scroll of magic mapping {unknown}
 t - 4 scrolls of enchant armour
 u - a scroll of amnesia {unknown}
 x - a scroll of torment {unknown}
 y - a scroll of vulnerability {unknown}
 K - a scroll of identify
 N - a scroll of brand weapon {unknown}
 O - 3 scrolls of poison {unknown}
 Q - a scroll of noise {unknown}
 R - 2 scrolls of fear {unknown}
 T - 2 scrolls of fog {unknown}
 W - a scroll of silence {unknown}
Potions
 b - 3 potions of magic
 d - 3 potions of might
 q - 4 potions of mutation {unknown}
 v - 2 potions of flight
 w - 3 potions of curing
 z - 2 potions of degeneration {unknown}
 B - 2 potions of haste {unknown}
 C - a potion of resistance {unknown}
 F - 2 potions of heal wounds
 M - 2 potions of lignification {unknown}
 P - a potion of brilliance {unknown}
Miscellaneous
 S - a phial of floods


   Skills:
 - Level 1.5 Dodging
 - Level 2.1 Stealth
 + Level 9.0 Spellcasting
 - Level 0.7 Transmutations
 + Level 18.8 Earth Magic
 + Level 2.2 Invocations


You had 20 spell levels left.
You knew the following spells:

 Your Spells              Type           Power      Damage    Failure   Level
a - Sandblast             Erth           100%       2d20      0%          1
b - Stone Arrow           Conj/Erth      100%       3d13      1%          3
c - Petrify               Tmut/Erth      68%        N/A       2%          4

Your spell library contained the following spells:

 Spells                   Type           Power      Damage    Failure   Level
 Passwall                 Tmut/Erth      56%        N/A       1%          2
 Sting                    Tmut/Pois      44%        1d5       13%         1
 Freeze                   Ice            36%        1d5       14%         1
 Necrotise                Necr           36%        1d5       14%         1
 Slow                     Hex            36%        N/A       14%         1
 Lesser Beckoning         Tloc           18%        N/A       22%         2
 Confusing Touch          Hex            9%         N/A       41%         3
 Dazzling Flash           Conj/Hex       18%        N/A       41%         3
 Frozen Ramparts          Ice            18%        1d3       41%         3
 Gell's Gravitas          Tloc           9%         N/A       41%         3
 Hailstorm                Conj/Ice       9%         3d4       41%         3
 Teleport Other           Tloc           9%         N/A       41%         3
 Vampiric Draining        Necr           9%         2d6       41%         3
 Volatile Blastmotes      Fire/Tloc      18%        2d11      41%         3
 Iskenderun's Mystic Bla  Conj/Tloc      9%         2d4       82%         4
 Irradiate                Conj/Tmut      5%         3d13      98%         5
 Agony                    Necr           9%         N/A       99%         5
 Starburst                Conj/Fire      4%         6d4       100%        6
 Sublimation of Blood     Necr           Unusable   N/A       N/A         2

Dungeon Overview and Level Annotations

Branches:
Dungeon (12/15)            Temple (0/1) D:7            Lair (1/5) D:11
    Orc: D:9-12

Altars:
Cheibriados
Dithmenos
Gozag
Hepliaklqana
Kikubaaqudgha
Makhleb
Okawaru
Qazlal
Sif Muna
Wu Jian
Xom
Zin
The Shining One

Shops:
D:2 [   D:9 =   D:11 *

Portals:
Trove: D:11 (give +2 fire dragon scales)

Annotations:
D:4 exclusion: downstairs
D:9 3 runed translucent doors, kaesle's ghost, novice HOFi


Innate Abilities, Weirdness & Mutations

You are immune to sickness and miasma.
Your stone body is resilient. (AC +8)
You are immune to poison.
You resist negative energy. (rN+)
You are resistant to electric shocks. (rElec)
You are resistant to unholy torment.
You are immune to petrification.


Message History

You kill the yak!
Sif Muna accepts your kill.
A rime drake comes into view.
You feel a surge of power!
The blast of sand hits the yak!
The yak is moderately wounded.
The rime drake hisses angrily.
The rime drake breathes ice at you. The icy flash freeze hits you!
You are encased in ice.
The yak misses you. The yak gores you but does no damage.
You feel a surge of power!
The blast of sand hits the yak!
The yak is severely wounded.
The yak misses you. The yak closely misses you. The yak gores you.
The yak closely misses you.
You feel a surge of power!
The blast of sand hits the yak!!
You kill the yak!
Sif Muna accepts your kill. The ice encasing you melts away.
You block the yak's attack.
Your Spellcasting skill increases to level 9!
You feel a surge of power!
The blast of sand hits the yak!
The yak is moderately wounded.
The yak gores you. The rime drake breathes ice at you.
The icy flash freeze hits you!!
* * * LOW HITPOINT WARNING * * *
You are encased in ice.
The yak barely misses you.
You are too injured to fight recklessly!
Casting: Sandblast (safe; 0% risk of failure)
Confirm with . or Enter, or press ? or * to list all spells.
Aiming: Stone Arrow (safe; 1% risk of failure)
Press: ? - help, Shift-Dir - straight line, f - rime drake, p - yak
Aim: a rime drake (72% to hit)
You feel a surge of power!
The stone arrow hits the rime drake!!
The rime drake is almost dead.
The ice encasing you melts away. The rime drake breathes ice at you.
The icy flash freeze hits you!!
You die...

......###P..~≈≈≈≈≈~≈~...#..
............~~~≈~~~~~......
...#..........~.~~~....>...
....#................##....
.....................#.....
.......P...................
......#P...........†.......
......##........k..........
.......#........@Y.........
...........................
##..####................###
#### ###.##...........#
#####..........#
#..........# ##..../.....
.......... ###


You could see a yak and a rime drake (catching breath).

Vanquished Creatures
  5 two-headed ogres
  Maurice (D:10)
  Joseph (D:7)
  An unseen horror (D:10)
  Maggie (D:6)
  A troll (D:9)
  A hornet (D:9)
  A shadow (D:11)
  A wyvern (D:10)
  23 yaks
  Menkaure (D:5)
  Duvessa (D:7)
  A water moccasin (D:6)
  3 orc warriors
  6 black bears
  A sky beast (D:6)
  An ogre (D:3)
  4 centaurs
  A kobold brigand (D:8)
  7 bullfrogs
  A gnoll sergeant (D:10)
  A scorpion (D:5)
  Dowan (D:7)
  16 killer bees
  2 vampire bats (D:8)
  2 howler monkeys
  3 gnoll boudas (D:5)
  2 jellies (D:5)
  2 orc priests
  6 hounds
  Crazy Yiuf (D:7)
  4 iguanas
  A sleepcap (D:5)
  18 orc wizards
  12 gnolls
  6 adders
  3 shadow imps
  A white imp (D:5)
  3 dart slugs
  40 orcs
  3 bat skeletons (D:8)
  2 bat zombies (D:8)
  9 endoplasms
  A giant cockroach (D:2)
  7 hobgoblins
  6 jackals
  14 kobolds
  A quokka (D:2)
  9 ball pythons
  7 bats
  2 frilled lizards (D:2)
  6 goblins
  5 rats
259 creatures vanquished.

Notes
Turn   | Place    | Note
-------+----------+-------------------------------------------
     0 | D:1      | Dordric the Gargoyle Earth Elementalist began the quest for
                  | the Orb.
     0 | D:1      | Reached XP level 1. HP: 10/10 MP: 3/3
   162 | D:1      | Reached skill level 4 in Earth Magic
   250 | D:1      | Reached XP level 2. HP: 15/15 MP: 3/5
  1030 | D:1      | Found a faded altar of an unknown god.
  1187 | D:2      | Found Oxtelit's Armour Shop.
  1187 | D:2      | Noticed an animated pearl dragon scales
  1189 | D:2      | Noticed an animated gold dragon scales
  1218 | D:2      | Reached skill level 5 in Earth Magic
  1218 | D:2      | Reached XP level 3. HP: 19/19 MP: 3/6
  1654 | D:2      | Found a hazy altar of Hepliaklqana.
  2215 | D:3      | Reached XP level 4. HP: 24/24 MP: 5/7
  2382 | D:2      | Reached skill level 6 in Earth Magic
  2526 | D:3      | Noticed an ogre
  2535 | D:3      | Learned a level 3 spell: Stone Arrow
  2543 | D:3      | Killed an ogre
  2544 | D:3      | Reached skill level 7 in Earth Magic
  2544 | D:3      | Reached XP level 5. HP: 28/28 MP: 0/8
  2619 | D:3      | You fall into a shaft and drop 3 floors!
  2619 | D:6      | Found a shimmering altar of Xom.
  2693 | D:6      | Reached XP level 6. HP: 32/32 MP: 5/9
  2704 | D:5      | Entered Level 5 of the Dungeon
  2716 | D:4      | Reached skill level 8 in Earth Magic
  3498 | D:3      | Reached skill level 9 in Earth Magic
  3612 | D:3      | Found a burning altar of Makhleb.
  3612 | D:3      | Noticed a blizzard demon
  3615 | D:3      | Noticed a ynoxinul
  3615 | D:3      | Noticed a smoke demon
  3885 | D:4      | Reached XP level 7. HP: 36/36 MP: 10/10
  4208 | D:5      | Learned a level 4 spell: Petrify
  4264 | D:5      | Reached skill level 10 in Earth Magic
  4403 | D:5      | Found an opulent altar of Gozag.
  4416 | D:5      | Noticed Menkaure
  4420 | D:5      | Killed Menkaure
  4504 | D:5      | Reached skill level 11 in Earth Magic
  4504 | D:5      | Reached XP level 8. HP: 41/41 MP: 11/11
  4875 | D:6      | Noticed Maggie
  4885 | D:6      | Killed Maggie
  4886 | D:6      | Reached skill level 12 in Earth Magic
  5120 | D:6      | Reached skill level 13 in Earth Magic
  5140 | D:6      | Found an iron altar of Okawaru.
  5145 | D:6      | Reached XP level 9. HP: 45/45 MP: 12/12
  5179 | D:6      | Found a shadowy altar of Dithmenos.
  5186 | D:6      | Found an ornate altar of the Wu Jian Council.
  5364 | D:6      | Reached skill level 14 in Earth Magic
  5641 | D:7      | Found a stormy altar of Qazlal.
  5650 | D:7      | Noticed Joseph
  5656 | D:7      | Killed Joseph
  5773 | D:6      | Identified a scroll of acquirement
  5773 | D:6      | Acquired a staff of earth
  5813 | D:7      | Noticed Duvessa
  5926 | D:7      | Killed Duvessa
  5943 | D:7      | Noticed Dowan
  5946 | D:7      | Killed Dowan
  6036 | D:7      | Found a runed translucent door.
  6037 | D:7      | Noticed Crazy Yiuf
  6120 | D:7      | Reached skill level 15 in Earth Magic
  6242 | D:7      | Found a staircase to the Ecumenical Temple.
  6511 | D:7      | Found a glowing golden altar of the Shining One.
  6869 | D:7      | Killed Crazy Yiuf
  7065 | D:8      | Noticed a two-headed ogre
  7085 | D:8      | Killed a two-headed ogre
  7086 | D:8      | Reached skill level 16 in Earth Magic
  7086 | D:8      | Reached XP level 10. HP: 50/50 MP: 9/15
  7781 | D:8      | Found an ancient bone altar of Kikubaaqudgha.
  8137 | D:9      | Noticed a two-headed ogre
  8146 | D:9      | Killed a two-headed ogre
  8389 | D:9      | Noticed a two-headed ogre
  8408 | D:9      | Killed a two-headed ogre
  8409 | D:9      | Reached skill level 5 in Spellcasting
  8566 | D:9      | Found Bofuss's Jewellery Shop.
  8673 | D:9      | Noticed a two-headed ogre
  8680 | D:9      | Killed a two-headed ogre
  8681 | D:9      | Reached skill level 17 in Earth Magic
  8791 | D:9      | Found a runed translucent gate.
  8791 | D:9      | Noticed kaesle's ghost (novice HOFi)
  8792 | D:9      | Found a runed translucent gate.
  8793 | D:9      | Found a runed translucent gate.
  8795 | D:9      | Identified the +2 chain mail of Ducieruagu {-Tele rElec
                  | rC+++ Stlth-}
  8871 | D:9      | Found a hazy altar of Hepliaklqana.
  8929 | D:9      | Reached XP level 11. HP: 54/54 MP: 20/20
  9097 | D:9      | Found a shimmering blue altar of Sif Muna.
  9123 | D:9      | Got Sif Muna's Elucidation of Different Virulence
  9130 | D:9      | Became a worshipper of Sif Muna the Loreminder
  9135 | D:9      | Acquired the +1 buckler "Efeurus" {rF+++ Int+2 Slay-2 SInv}
  9527 | D:9      | Found a glowing silver altar of Zin.
  9605 | D:10     | Entered Level 10 of the Dungeon
  9753 | D:10     | Reached skill level 18 in Earth Magic
  9982 | D:10     | Found a snail-covered altar of Cheibriados.
 10017 | D:10     | Noticed Maurice
 10028 | D:10     | Killed Maurice
 10197 | D:10     | Reached * piety under Sif Muna
 10382 | D:11     | Found Kinof's Assorted Antiques.
 10498 | D:11     | Bought a shimmering iron ring for 105 gold pieces
 10498 | D:11     | Identified the ring "Tilum" {Drain Fly rC+ Str+5} (You
                  | bought it in a shop on level 11 of the Dungeon)
 10506 | D:11     | Found a staircase to the Lair.
 10520 | D:11     | Noticed a two-headed ogre
 10530 | D:11     | Killed a two-headed ogre
 10937 | D:11     | Found a portal to a secret trove of treasure.
 11323 | Lair:1   | Entered Level 1 of the Lair of Beasts
 11335 | D:11     | Reached skill level 1 in Invocations
 11650 | Lair:1   | Killed from afar by a rime drake

Illustrated notes

Levels and vault maps discovered:
D:1:      evilmike_arrival_fibonacci_small, layout_basic,
          ebering_ecumenical_altar_webs
D:2:      layout_basic, basic_altar, serial_shops, nicolae_shop_mannequins
D:3:      layout_rooms, makhleb_altar_promises_db
D:4:      layout_loops_ring, grunt_ministairs_15
D:5:      layout_rooms, nicolae_gozag_seed_capital, nicolae_grassy_gnolls,
          uniq_menkaure
D:6:      layout_gridville, gammafunk_temple_overflow_forgotten,
          lemuel_coloured_pillars_altar, minmay_unpleasant_kobolds, uniq_maggie
D:7:      layout_loops_ring, mainiacjoe_overflow_paths,
          nicolae_tso_swordbearing_angel, temple_pool_b, dk_vineyard_1,
          uniq_crazy_yiuf_cottage, uniq_duvessa, uniq_joseph
D:8:      layout_basic, kennysheep_vampire_church
D:9:      layout_roguey, led_sif_book, kennysheep_mini_moat, zin_treasury,
          serial_shops, shop, biasface_ghost_orc_armoury
D:10:     layout_rooms, mainiacjoe_overflow_alcove_1, uniq_maurice
D:11:     layout_cave_pods, due_lair_maze_entry_diamond, serial_shops,
          nicolae_shop_window_shopping, nicolae_trove_entry_isolated,
          hangedman_decor_points
D:12:     layout_irregular_city, minmay_orc_entry_temple_small, serial_shops,
          nicolae_shop_statue_plus
Lair:1:   layout_hall_layers, portal_ice_cave_entry_imps,
          gammafunk_ghost_cemetery, lemuel_fruit_fields,
          infiniplex_staircase_pool_2, serial_bayou_shore_b

Skill      XL: |  1  2  3  4  5  6  7  8  9 10 11 |
---------------+----------------------------------+-----
Earth Magic    | 4 5 7 9 11 13 16 17 18 | 18.8
Spellcasting   | 3 6 9 |  9.0
Invocations    | 2 |  2.2
Dodging        | |  1.5
Stealth        | |  2.1
Transmutations | |  0.7

Action                     |  1- 3 |  4- 6 |  7- 9 | 10-12 || total
---------------------------+-------+-------+-------+-------++-------
  Melee: Unarmed           |    11 |       |       |       ||    11
         Staff             |       |    39 |     4 |     4 ||    47
   Cast: Sandblast         |    54 |    69 |   129 |   195 ||   447
         Stone Arrow       |       |     2 |    26 |    26 ||    54
         Petrify           |       |       |     1 |     9 ||    10
  Evoke: Wand              |       |       |       |     4 ||     4
    Use: Scroll            |     2 |       |     4 |     1 ||     7
         Potion            |       |     3 |       |     3 ||     6
 Armour: Robe              |    12 |    58 |     5 |       ||    75
         Acid dragon scale |       |       |    10 |    43 ||    53
  Dodge: Dodged            |    17 |    65 |    43 |    95 ||   220
  Block: Buckler           |       |       |       |    14 ||    14
